 Dungeon Crawl Stone Soup version 0.29-a0-319-gad05b8d819 (webtiles) character file.

Game seed: 16992349565487251418

12552 iamserjio the Martial Artist (level 11, 18/123 HPs)
             Began as a Mayflytaur Transmuter on Apr 1, 2022.
             Was an Elder of Cheibriados.
             Quit the game on level 2 of the Orcish Mines.
             The game lasted 00:23:59 (2822 turns).

iamserjio the Martial Artist (MyTm)                 Turns: 2822, Time: 00:24:00

Health: 18/123     AC: 10    Str: 23    XL:     11   Next: 95%
Magic:  21/21      EV: 14    Int: 33    God:    Cheibriados [****..]
Gold:   396        SH:  0    Dex: 21    Spells: 13/22 levels left

rFire   x . .      SeeInvis .     - Unarmed
rCold   + + +      Faith    .   (shield currently unavailable)
rNeg    . . .      Spirit   .   (body armour currently unavailable)
rPois   +          Reflect  .   (helmet currently unavailable)
rElec   .          Harm     .   (cloak currently unavailable)
rCorr   .          Rampage  .   (gloves currently unavailable)
Will    +....                   (boots currently unavailable)
Stlth   ++........              (no amulet)
HPRegen 0.30/turn               B - +6 ring of intelligence
MPRegen 0.34/turn               (no ring)

@: ice-form, very slow
A: freezing attack, amphibious, boosted hp, damage resistance, large, (big
wings), sense surroundings 2, magic regeneration, short lifespan, clumsy 1
a: End Transformation, Renounce Religion, Bend Time, Temporal Distortion, Slouch


You were on level 2 of the Orcish Mines.
You worshipped Cheibriados.
Cheibriados was greatly pleased with you.
You were a creature of crystalline ice.
You visited 3 branches of the dungeon, and saw 18 of its levels.
You also visited: Ossuary and Ice Cave.

You collected 643 gold pieces.
You spent 247 gold pieces at shops.

Inventory:

Hand Weapons
 i - a +1 short sword of electrocution
Missiles
 l - 15 poisoned darts
 x - 2 curare-tipped darts (quivered)
Armour
 a - a +0 robe
 w - a +0 helmet (melded)
 A - a +0 troll leather armour (melded)
Magical Staves
 F - a staff of air
Jewellery
 B - a +6 ring of intelligence (left front paw)
Wands
 v - a wand of polymorph (13)
 z - a wand of flame (3)
Scrolls
 b - a scroll of blinking {unknown}
 c - a scroll of noise {unknown}
 e - 2 scrolls of amnesia {unknown}
 f - a scroll of magic mapping {unknown}
 g - a scroll of enchant armour {unknown}
 j - a scroll of brand weapon
 k - 2 scrolls of summoning {unknown}
 m - 2 scrolls of silence {unknown}
 o - 4 scrolls of teleportation {@r3}
 q - a scroll of enchant weapon
 t - a scroll of immolation
 y - a scroll of fog
Potions
 h - 4 potions of curing {@q1}
 n - 3 potions of mutation {unknown}
 p - 3 potions of might {unknown}
 r - 3 potions of degeneration
 s - a potion of lignification
 u - 5 potions of heal wounds {@q2}
 C - a potion of attraction
 D - a potion of flight
 E - a potion of brilliance


   Skills:
 + Level 7.9 Fighting
 - Level 7.0 Dodging
 * Level 13.7 Unarmed Combat
 + Level 6.3 Spellcasting
 - Level 7.2 Transmutations
 - Level 3.1 Ice Magic
 + Level 8.7 Invocations
 - Level 6.5 Evocations


You had 13 spell levels left.
You knew the following spells:

 Your Spells              Type           Power      Damage    Failure   Level
a - Beastly Appendage     Tmut           100%       N/A       1%          1
b - Wereblood             Tmut           55%        N/A       1%          2
c - Ice Form              Ice/Tmut       44%        N/A       4%          4
d - Passwall              Tmut/Erth      28%        N/A       1%          2

Your spell library contained the following spells:

 Spells                   Type           Power      Damage    Failure   Level
 Spider Form              Tmut/Pois      34%        N/A       2%          3
 Animate Skeleton         Necr           20%        N/A       4%          1
 Pain                     Necr           40%        1d6       4%          1
 Sandblast                Erth           20%        2d7       4%          1
 Slow                     Hex            40%        N/A       4%          1
 Static Discharge         Conj/Air       10%        N/A       6%          2
 Confusing Touch          Hex            10%        N/A       13%         3
 Stone Arrow              Conj/Erth      20%        3d8       13%         3
 Vampiric Draining        Necr           10%        2d6       13%         3
 Animate Armour           Summ/Erth      20%        N/A       38%         4
 Lightning Bolt           Conj/Air       5%         1d17      75%         5
 Lehudib's Crystal Spear  Conj/Erth      5%         10d3      100%        8
 Maxwell's Capacitive Co  Air            5%         ∞         100%        8


Dungeon Overview and Level Annotations

Branches:
Dungeon (15/15)            Temple (1/1) D:6             Orc (2/2) D:11
    Elf (0/3) Orc:2        Depths (0/4) D:15        Ossuary (visited)
  IceCv (visited)
   Lair: D:8-11      Vaults: D:13-14

Altars:
Ashenzari
Cheibriados
Elyvilon
Gozag
Hepliaklqana
Makhleb
Qazlal
Trog
Vehumet
Xom
Zin
The Shining One
Beogh

Shops:
D:14 !

Annotations:
Orc:2 Saint Roka


Innate Abilities, Weirdness & Mutations

You are a creature of crystalline ice.
You have a powerful freezing melee attack.
You are amphibious.
Your maximum health is increased.
Your armour is entirely melded.
You are incapable of wielding weapons or throwing items.
You are resistant to damage.
((Your large and strong wings let you fly.))
You passively map the area around you.
You regenerate magic rapidly.
You are easily found by Zot.
You are clumsy. (Dex -2)


Message History

As you read the scroll of fear, it crumbles to dust.
You assume a fearsome visage.
The orc sorcerer looks frightened!
The orc knight looks frightened!
The orc warrior looks frightened!
The orange demon looks frightened!
The orc looks frightened!
The orc priest looks frightened!
The orc looks frightened!
The orc warrior looks frightened!
As you read the scroll of fear, it crumbles to dust.
You assume a fearsome visage.
Saint Roka looks frightened!
An orc warrior comes into view. It is wielding a +0 hand axe.
Things that are here:
a +0 dagger; a +0 robe; a +0 whip
Things that are here:
a +0 hand axe; a +0 chain mail; an orc corpse The orc throws a boomerang.
The boomerang misses you.
As you read the scroll of fear, it crumbles to dust.
You assume a fearsome visage.
Saint Roka looks frightened!
The orc misses you.
You pulverise the orc!!!
You freeze the orc.
You feel a bit better.
You kill the orc!
Cheibriados appreciates the change of pace.
Your primal bloodlust is almost over.
Casting: Wereblood (safe; 1% risk of failure)
You extend your transformation's duration.
Unknown command.
Okay, then.
Your primal bloodlust has ended.
Saint Roka calls down the wrath of Beogh upon you.
Beogh smites you!
* * * LOW HITPOINT WARNING * * *
You hear a shout!
Saint Roka roars a battlecry!
Okay, then.
Okay, then.
As you read the scroll of fear, it crumbles to dust.
You assume a fearsome visage.
Saint Roka resists with almost no effort.
As you read the scroll of fear, it crumbles to dust.
You assume a fearsome visage.
Saint Roka looks frightened!
Saint Roka mumbles some strange prayers to Beogh against you.
Beogh smites you!
* * * LOW HITPOINT WARNING

* * * ** , * , , #...§.#* < ,* ,
, *, #8.o§8#* , , , * #..§§§# *
.... ,####### #..§§o## .........,
##.....###..§§§§. #...##.... *
##.......##.o§§§§o *.....#....*
##.......#.##..§§§§
.#........#####...........#...§##
...........#..#.Y##......###.####
.................#......##.#####.
...........)................##...
..........)#)).............#.....
.........###.......##...o........
..#..<..#..........###..........#
...............#....###........##
...................#.#.........#
..............................##


There were no monsters in sight!

Vanquished Creatures
  An orc high priest (Orc:2)
  A deep elf pyromancer (D:15)
  An orc knight (Orc:2)
  3 orc sorcerers
  2 manticores
  An ugly thing (IceCv)
  A gargoyle (D:11)
  A kobold demonologist (D:12)
  2 ice devils (D:12)
  A komodo dragon (D:11)
  4 trolls
  3 slime creatures (D:12)
  3 shadows
  3 yaks (D:7)
  2 wraiths
  A death yak simulacrum (IceCv)
  A warg (Orc:1)
  2 acid dragons (D:11)
  12 orc warriors
  2 ogres
  2 phantoms
  4 kobold brigands
  7 elf zombies (Ossuary)
  2 bullfrogs
  A scorpion (D:6)
  A necrophage (D:4)
  A cane toad simulacrum (IceCv)
  10 wights (D:8)
  A troll zombie (D:11)
  An elephant simulacrum (IceCv)
  8 killer bees (D:11)
  A howler monkey (D:11)
  4 centaur zombies (Ossuary)
  A human zombie (Ossuary)
  A jelly (D:6)
  A gnoll shaman (D:7)
  4 orc priests
  Jessica (D:2)
  2 iguanas
  12 orc wizards
  A polar bear simulacrum (IceCv)
  5 ogre zombies (D:11)
  3 mummies (Ossuary)
  7 adders
  2 ufetubi
  A worm (D:4)
  23 orcs
  4 ball pythons
  2 bats (D:2)
  6 endoplasms
  3 goblins
  A hobgoblin (D:4)
  9 kobolds
  A quokka (D:2)
  2 frilled lizards
  3 goblin skeletons (D:11)
  2 goblin zombies (D:11)
  A hobgoblin skeleton (D:11)
  2 hobgoblin zombies (D:11)
  An orc skeleton (D:11)
  8 orc zombies (D:11)
  4 rats
203 creatures vanquished.

Vanquished Creatures (others)
  7 plants (D:2)
7 creatures vanquished.

Grand Total: 210 creatures vanquished

Notes
Turn   | Place    | Note
-------+----------+-------------------------------------------
     0 | D:1      | iamserjio the Mayflytaur Transmuter began the quest for the
                  | Orb.
     0 | D:1      | Reached XP level 1. HP: 18/18 MP: 5/5
    96 | D:1      | Reached skill level 1 in Ice Magic
   115 | D:2      | Reached XP level 2. HP: 24/25 MP: 4/6
   151 | D:1      | Learned a level 2 spell: Wereblood
   198 | D:2      | Glimpsed the power of Zot.
   210 | D:2      | Reached XP level 3. HP: 29/31 MP: 6/8
   292 | D:2      | Noticed Jessica
   300 | D:2      | Killed Jessica
   301 | D:2      | Reached XP level 4. HP: 36/38 MP: 5/9
   310 | D:3      | Learned a level 4 spell: Ice Form
   448 | D:4      | Reached XP level 5. HP: 44/44 MP: 0/10
   458 | D:4      | Gained mutation: You are clumsy. (Dex -2) [mutagenic glow]
   462 | D:4      | Learned a level 2 spell: Passwall
   539 | D:4      | Gained mutation: You regenerate magic rapidly. [Mayflytaur
                  | growth]
   539 | D:4      | Reached XP level 6. HP: 45/52 MP: 6/11
   540 | D:4      | Reached skill level 5 in Unarmed Combat
   628 | D:4      | Found a sand-covered staircase.
   635 | Ossuary  | Entered an ossuary
   650 | Ossuary  | Reached skill level 5 in Transmutations
   664 | Ossuary  | Reached skill level 6 in Unarmed Combat
   671 | Ossuary  | Reached XP level 7. HP: 15/62 MP: 2/12
   695 | Ossuary  | Reached skill level 7 in Unarmed Combat
   737 | Ossuary  | Reached skill level 8 in Unarmed Combat
   743 | Ossuary  | Glimpsed the power of Zot.
   780 | Ossuary  | Reached XP level 8. HP: 64/73 MP: 13/13
   808 | Ossuary  | Reached skill level 9 in Unarmed Combat
   847 | D:5      | Entered Level 5 of the Dungeon
   875 | D:6      | Reached skill level 5 in Fighting
   897 | D:7      | Noticed a yak
   897 | D:7      | Noticed a wyvern
   898 | D:7      | Noticed a yak
   898 | D:7      | Noticed a yak
   916 | D:6      | Found a staircase to the Ecumenical Temple.
   925 | Temple   | Entered the Ecumenical Temple
  1025 | Temple   | Glimpsed the power of Zot.
  1037 | Temple   | Became a worshipper of Cheibriados the Contemplative
  1110 | D:6      | Found a bloodstained altar of Trog.
  1187 | D:7      | Killed a yak
  1188 | D:7      | Reached skill level 10 in Unarmed Combat
  1190 | D:7      | Killed a yak
  1194 | D:7      | Killed a yak
  1204 | D:7      | Gained mutation: You passively map the area around you.
                  | [Mayflytaur growth]
  1204 | D:7      | Reached XP level 9. HP: 82/82 MP: 8/14
  1322 | D:8      | Reached skill level 5 in Dodging
  1386 | D:8      | Reached skill level 11 in Unarmed Combat
  1389 | D:8      | Reached * piety under Cheibriados
  1480 | D:10     | Entered Level 10 of the Dungeon
  1566 | D:12     | Noticed a troll
  1570 | D:12     | Killed a troll
  1674 | D:12     | Noticed an ice devil
  1676 | D:12     | Noticed an ice devil
  1677 | D:12     | Found a frozen archway.
  1686 | D:12     | Killed an ice devil
  1687 | D:12     | Reached skill level 1 in Invocations
  1690 | D:12     | Killed an ice devil
  1691 | D:12     | Reached XP level 10. HP: 77/91 MP: 12/15
  1699 | IceCv    | Entered an ice cave
  1721 | IceCv    | Noticed a white ugly thing
  1728 | IceCv    | Killed a white ugly thing
  1749 | IceCv    | Noticed an ice statue
  1749 | IceCv    | Noticed an ice statue
  1807 | D:11     | Noticed a manticore
  1814 | D:11     | Killed a manticore
  1815 | D:11     | Reached skill level 5 in Invocations
  1815 | D:11     | Reached skill level 5 in Evocations
  1876 | D:11     | Reached ** piety under Cheibriados
  1905 | D:11     | Noticed a gargoyle
  1911 | D:11     | Killed a gargoyle
  1991 | D:11     | Found a staircase to the Orcish Mines.
  2036 | D:12     | Reached *** piety under Cheibriados
  2041 | D:12     | Reached XP level 11. HP: 80/99 MP: 15/17
  2101 | D:14     | Found Yteloala's Distillery.
  2104 | D:14     | Bought a potion of heal wounds for 65 gold pieces
  2104 | D:14     | Bought a potion of degeneration for 13 gold pieces
  2104 | D:14     | Bought a potion of attraction for 39 gold pieces
  2104 | D:14     | Bought a potion of flight for 39 gold pieces
  2104 | D:14     | Bought a potion of brilliance for 52 gold pieces
  2104 | D:14     | Bought a potion of curing for 39 gold pieces
  2128 | D:15     | Entered Level 15 of the Dungeon
  2135 | D:14     | Noticed a manticore
  2135 | D:14     | Noticed a cyclops
  2164 | D:15     | Noticed a deep elf pyromancer
  2182 | D:15     | Killed a deep elf pyromancer
  2202 | D:15     | Noticed a brown ugly thing
  2202 | D:15     | Noticed a great orb of eyes
  2202 | D:15     | Noticed a cyan ugly thing
  2204 | D:15     | Noticed a white ugly thing
  2287 | D:13     | Noticed a manticore
  2297 | D:13     | Killed a manticore
  2298 | D:13     | Reached skill level 12 in Unarmed Combat
  2452 | Orc:1    | Entered Level 1 of the Orcish Mines
  2477 | Orc:1    | Reached skill level 5 in Spellcasting
  2490 | Orc:1    | Noticed an orc sorcerer
  2501 | Orc:1    | Noticed a sixfirhy
  2503 | Orc:1    | Killed an orc sorcerer
  2512 | Orc:1    | Reached **** piety under Cheibriados
  2544 | Orc:2    | Entered Level 2 of the Orcish Mines
  2544 | Orc:2    | Noticed an orc sorcerer
  2552 | Orc:2    | Killed an orc sorcerer
  2643 | Orc:2    | Reached skill level 13 in Unarmed Combat
  2649 | Orc:2    | Noticed an orc knight
  2661 | Orc:2    | Killed an orc knight
  2665 | Orc:2    | Found a staircase to the Elven Halls.
  2679 | Orc:2    | Noticed an orc high priest
  2690 | Orc:2    | Killed an orc high priest
  2757 | Orc:2    | Noticed an orc sorcerer
  2770 | Orc:2    | Killed an orc sorcerer
  2779 | Orc:2    | Noticed an orc sorcerer
  2779 | Orc:2    | Noticed Saint Roka
  2783 | Orc:2    | Noticed an orc knight
  2822 | Orc:2    | Quit the game

Illustrated notes

Levels and vault maps discovered:
D:1:      lightli_arrival_quake, layout_loops_ring,
          ebering_ecumenical_altar_petrified
D:2:      layout_basic, serial_forest, infiniplex_forest_diagonal,
          infiniplex_forest_clump_small, infiniplex_forest_clump_small,
          infiniplex_forest_clump_cross, infiniplex_forest_clump_tiny,
          kennysheep_nub, uniq_jessica
D:3:      layout_rooms, serial_curves, eino_curves_03, eino_curves_04
D:4:      layout_rooms, mainiacjoe_overflow_catwalk, enter_ossuary_4
D:5:      lemuel_castle_with_subvaults [lemuel_castle_interior_carwin_1],
          layout_cave_pools, gammafunk_ghost_cemetery
D:6:      layout_loops_ring, lemuel_crystal_altar, minmay_temple_entry_wispy
D:7:      layout_rooms, dreamdust_gnoll_shepherd
D:8:      layout_cave_pods, lair_entry_dummy
D:9:      layout_irregular_city, ebering_ghost_gozag, serial_column_ruins,
          column_ruins_columns_corner, column_ruins_corridor_straight,
          column_ruins_grid_2, column_ruins_open_tiny, uniq_maggie
D:10:     layout_small_grid, uniq_harold
D:11:     layout_loops_ring, zombieorc1_lemuel
D:12:     layout_grid_maze, portal_ice_cave_demonic_guard, serial_shops, shop
D:13:     layout_loops_cross, uniq_azrael
D:14:     layout_stronghold, grunt_vaults_entry_fortified, serial_shops,
          nicolae_stop_n_shop_1, gammafunk_ghost_spectres,
          nemelex_spade_bored_becter, kennysheep_generic_room_5
D:15:     gammafunk_enter_depths_forms, layout_grid_maze,
          nicolae_lava_and_water, minmay_shop_grid_forest
Temple:   mainiacjoe_temple_cubbyholes
Orc:1:    layout_caves, basic_altar, uniq_snorg
Orc:2:    grunt_orc_cross, layout_caves

Skill      XL: |  1  2  3  4  5  6  7  8  9 10 11 |
---------------+----------------------------------+-----
Ice Magic      | 1 2 3 |  3.1
Transmutations | 3 4 5 7 |  7.2
Spellcasting   | 3 6 |  6.3
Unarmed Combat | 6 8 10 11 13 | 13.7
Fighting       | 3 4 5 6 7 |  7.9
Dodging        | 4 7 |  7.0
Invocations    | 2 7 8 |  8.7
Evocations     | 3 6 |  6.5

Action                   |  1- 3 |  4- 6 |  7- 9 | 10-12 || total
-------------------------+-------+-------+-------+-------++-------
Melee: Unarmed           |    12 |    74 |   172 |   242 ||   500
       Kick              |     7 |     3 |     7 |       ||    17
       Headbutt          |     3 |     3 |     6 |       ||    12
       Short sword       |    20 |    20 |       |       ||    40
       Punch             |       |     3 |     1 |       ||     4
Throw: Dart              |       |       |       |     2 ||     2
 Cast: Beastly Appendage |     9 |     6 |     2 |       ||    17
       Wereblood         |     1 |     3 |     7 |    13 ||    24
       Ice Form          |       |     2 |    13 |    18 ||    33
       Passwall          |       |       |       |     4 ||     4
Invok: Slouch            |       |       |       |     1 ||     1
 Abil: End Transformatio |       |       |       |     1 ||     1
Evoke: Wand              |       |       |       |     5 ||     5
  Use: Potion            |       |     2 |     2 |     1 ||     5
       Scroll            |       |       |     6 |     6 ||    12
 Stab: Sleeping          |     1 |       |       |     1 ||     2
Armor: Robe              |     5 |     9 |     1 |       ||    15
       Skin              |       |    23 |    38 |    83 ||   144
Dodge: Dodged            |    24 |    43 |    78 |   170 ||   315

Table legend: (Time is in decaauts)
 A = Elapsed time spent in this place.
 B = Non-inter-level travel time spent in this place.
 C = Inter-level travel time spent in this place.
 D = Time resting spent in this place.
 E = Time spent auto-exploring this place.
 F = Levels seen in this place.
 G = Mean time per level.
                   A        B        C        D        E       F      G
               +--------+--------+--------+--------+--------+-----+--------+
         Total |   3310 |   3081 |    229 |     59 |      0 |  20 |  165.5 |
       Dungeon |   2378 |   2227 |    151 |     59 |      0 |  15 |  158.5 |
        Temple |    166 |    166 |      0 |      0 |      0 |   1 |  166.0 |
  Orcish Mines |    506 |    428 |     78 |      0 |      0 |   2 |  253.0 |
       Ossuary |    181 |    181 |      0 |      0 |      0 |   1 |  181.0 |
      Ice Cave |     78 |     78 |      0 |      0 |      0 |   1 |   78.0 |
               +--------+--------+--------+--------+--------+-----+--------+

Top non-repeatable levels by time:
    D:11: 473 daAuts
   Orc:2: 392 daAuts
    D:12: 298 daAuts
     D:4: 240 daAuts
     D:7: 205 daAuts
     D:2: 183 daAuts
 Ossuary: 181 daAuts
  Temple: 166 daAuts
     D:8: 163 daAuts
    D:13: 161 daAuts
    D:15: 156 daAuts
     D:1: 122 daAuts
     D:6: 121 daAuts
   Orc:1: 114 daAuts
     D:3: 105 daAuts
